 Dungeon Crawl Stone Soup version 0.21-a0-476-gd103f4b (webtiles) character file.

7 esteth the Sneak (level 1, 0/9 HPs)
             Began as a Spriggan Enchanter on Nov 20, 2017.
             Slain by a jackal (3 damage)
             ... on level 1 of the Dungeon on Nov 22, 2017.
             The game lasted 00:01:08 (251 turns).

esteth the Sneak (Spriggan Enchanter)                Turns: 251, Time: 00:01:09

Health: 0/9        AC:  2    Str:  4    XL:     1   Next: 83%
Magic:  5/5        EV: 18    Int: 16    God:
Gold:   0          SH:  0    Dex: 16    Spells: 4/5 levels left

rFire    . . .     SeeInvis +   a - +1 dagger
rCold    . . .     Gourm    .   (shield restricted)
rNeg     . . .     Faith    .   b - +0 robe
rPois    .         Spirit   .   (helmet restricted)
rElec    .         Reflect  .   (no cloak)
rCorr    .         Harm     .   (gloves unavailable)
MR       .....                  (boots unavailable)
Stlth    +++.......             (no amulet)
HPRegen  0.03/turn              (no ring)
MPRegen  0.09/turn              (no ring)

@: very quick
A: unfitting armour, see invisible, herbivore 3, speed 3, slow metabolism 2
a: no special abilities


You were on level 1 of the Dungeon.
You were not hungry.

You visited 1 branch of the dungeon, and saw 1 of its levels.

Inventory:

Hand Weapons
 a - a +1 dagger (weapon)
Armour
 b - a +0 robe (worn)
Books
 c - a book of Maledictions

   Spells                             Type                      Level
   a - Corona                         Hexes                        1
   b - Ensorcelled Hibernation        Hexes/Ice                    2
   c - Confuse                        Hexes                        3
   d - Tukima's Dance                 Hexes                        3
   e - Dazzling Spray                 Conjuration/Hexes            3
Comestibles
 d - a bread ration


   Skills:
 - Level 1.1 Short Blades
 - Level 3.0 Dodging
 + Level 5.3 Stealth
 - Level 2.6 Spellcasting
 - Level 3.6 Hexes


You had 4 spell levels left.
You knew the following spells:

 Your Spells              Type           Power        Failure   Level  Hunger
a - Corona                Hex            ##.....      4%          1    #......


Dungeon Overview and Level Annotations

Branches:
Dungeon (1/15)

Altars:


Innate Abilities, Weirdness & Mutations

You are very small and have problems with some larger weapons.
You are too small for most types of armour.
You have supernaturally acute eyesight. (SInv)
You are a herbivore.
You cover ground extremely quickly.
You need consume almost no food.


Message History

You are too injured to fight recklessly!
You are too injured to fight recklessly!
You are too injured to fight recklessly!
You are too injured to fight recklessly!
Welcome back, esteth the Spriggan Enchanter.
Press ? for a list of commands and other information.
You hit the jackal.
The jackal is lightly wounded.
The jackal misses you.
You hit the jackal.
The jackal is almost dead.
The jackal misses you. The jackal closely misses you. The jackal misses you.
You hit the jackal but do no damage.
The jackal is almost dead.
The jackal completely misses you. The jackal closely misses you.
You barely miss the jackal.
The jackal is almost dead.
The jackal bites you.
You die...

#....? #.........###.##.##
#.#..# #.#######........##
#..†.#####.#.# #......##......
#..h.......#.###.###..########
#..h########..........# #...#
#.###.#.#..# #...#
#.###.#.#..#### ####...######
#.............# ###
............###h@...........#
#..
!.............hh#####.......#
#.#
............#.h....####.....#
#
####....###.#.#.##.####.....#
# #(.....................#####
#.# #......................#
#.. #...#################...#
### #... ≈≈≈≈≈≈≈<≈≈≈≈≈≈≈#..##
..
≈≈≈≈≈≈≈.≈≈≈≈≈≈≈#..##########


You could see 4 jackals.

Vanquished Creatures
  A giant cockroach (D:1)
  2 goblins (D:1)
  A hobgoblin (D:1)
  A bat (D:1)
  A kobold (D:1)
6 creatures vanquished.

Notes
Turn   | Place    | Note
-------+----------+-------------------------------------------
     0 | D:1      | esteth the Spriggan Enchanter began the quest for the Orb.
     0 | D:1      | Reached XP level 1. HP: 9/9 MP: 5/5
   167 | D:1      | Reached skill level 5 in Stealth
   232 | D:1      | Upgraded the game from 0.21-a0-460-g737a915 to 0.21-a0-476-gd103f4b
   251 | D:1      | Slain by a jackal

Vault maps used:
D:1:      lordsloth_arrival_two_stooges

Skill      XL: |  1 |
---------------+----+-----
Stealth        | 5 |  5.3
Short Blades   | |  1.1
Dodging        | |  3.0
Spellcasting   | |  2.6
Hexes          | |  3.6

Action                   || total
-------------------------++-------
Melee: Dagger            ||    47
 Stab: Sleeping          ||     1
Armor: Robe              ||     3
Dodge: Dodged            ||    56

Table legend:
 A = Spawn XP
 B = Non-spawn XP
 C = Spawn XP percentage of total XP
 D = Spawn monster count
 E = Non-spawn monster count
 F = Spawn count percentage of total count
 G = Total turns spent on level
                    A         B        C        D         E        F      G
               +---------+---------+-------+---------+---------+-------+---------
         Total |       0 |      10 |   0.0 |       0 |       6 |   0.0 |   251
               +---------+---------+-------+---------+---------+-------+---------
           D:1 |       0 |      10 |   0.0 |       0 |       6 |   0.0 |   251
               +---------+---------+-------+---------+---------+-------+---------
